badnik, neutral male scurrid Ranger .Y..+ .@..| ....| badnik the Tenderfoot Experience level: 1 Strength: 16 Dexterity: 9 Constitution: 14 Intelligence: 13 Wisdom: 15 Charisma: 8 Health: 0(14) Energy: 2(2) Def: 3 Gold: 289 Moves: 119 Dungeon seed: geZll0qWJ8Ypp4ZL Game ID: badnik_1498610911 Your Inventory: Coins $ - 289 gold pieces Weapons b - 31 uncursed +2 darts c - 15 uncursed +0 darts Armor e - an uncursed +2 cloak of displacement (being worn) Comestibles d - 4 uncursed chestnuts Scrolls g - an uncursed scroll of enchant weapon Wands f - an uncursed wand of slow monster (0:3) Spells and supernatural/magical abilities: Name Level Category Fail Memory W - pray for help -- divine ? -- Your skills at the end: Miscellaneous Skills wands [Basic] Weapon Skills dart [Basic] Spellcasting Skills Final Attributes: You were devoutly aligned. You had automatic searching. You had infravision. You were displaced. You were very stealthy. You were held by an owlbear. You are dead. Vanquished creatures: a newt Voluntary challenges: You went without food. You did not adorn yourself with jewelry or accessories. You did not cause conflict. You were not invisible. You did not have reflection. You were an atheist. You never hit with a wielded weapon. You were a pacifist. You did not use tools. You did not use plumbed fixtures. You did not drink any magical draughts. You were illiterate. You never genocided any monsters. You never polymorphed an object. You never changed form. You used no wishes. You never split a pudding. You never wrote Elbereth's name. You never violated your personal moral code. Dungeon overview: The Dungeons of Doom: levels 1 to 20 Level 1 a sink a long staircase Level 2 Level 3 Level 4 Level 5 Level 6 Level 7 Level 8 Level 9 Level 10 Level 11 Level 12 a throne Level 13 Level 14 Level 15 Level 16 Level 17 Level 18 Level 19 Level 20 <- You were here History has recorded: On T:1 you entered the Dungeons of Doom to retrieve the Amulet of Yendor! On T:7 you reached level 2 of The Dungeons of Doom. On T:11 you reached level 3 of The Dungeons of Doom. On T:23 you reached level 4 of The Dungeons of Doom. On T:28 you reached level 5 of The Dungeons of Doom. On T:34 you reached level 6 of The Dungeons of Doom. On T:37 you reached level 7 of The Dungeons of Doom. On T:54 you reached level 9 of The Dungeons of Doom. On T:58 you reached level 10 of The Dungeons of Doom. On T:64 you reached level 11 of The Dungeons of Doom. On T:68 you reached level 12 of The Dungeons of Doom. On T:70 you reached level 13 of The Dungeons of Doom. On T:82 you reached level 14 of The Dungeons of Doom. On T:86 you reached level 15 of The Dungeons of Doom. On T:90 you reached level 16 of The Dungeons of Doom. On T:90 you entered the Rogue tribute level. On T:95 you reached level 17 of The Dungeons of Doom. On T:100 you reached level 18 of The Dungeons of Doom. On T:111 you reached level 19 of The Dungeons of Doom. On T:116 you reached level 20 of The Dungeons of Doom. Score breakdown: Gold: 289 ( 28 points) Experience: 1 level ( 0 points) Exploration: 20 levels ( 570 points) Discoveries: 1 item ( 50 points) Variety of kills: 1 monster ( 50 points) Major goal: (nothing yet) ( 0 points) Survival: died (score multiplied by 3) Total score: 2094 Latest messages: You dig a hole through the floor. You fall through... You start digging downward. You continue digging downward. You dig a pit in the floor. You are still in a pit. You crawl to the edge of the pit. You go down into the pit. You continue digging downward. You dig a hole through the floor. You fall through... That command is only available in debug mode. There's some graffiti on the floor here. You read: "Pclymorphing a sho?keeper m?gnt mcke you scfcr". You stop exploring. The owlbear claws you! (2x) The owlbear grabs you! You start digging downward. You continue digging downward. You dig a pit in the floor. The owlbear claws you! You die... Final status: Goodbye badnik the Ranger, killed by an owlbear... You died in The Dungeons of Doom on dungeon level 20 with 2094 points, and 289 pieces of gold, after 119 moves. You were level 1 with a maximum of 14 hit points when you died.